Pick #1

Connor Bedard
Pick #2

Leo Carlsson
Pick #3

Adam Fantilli
Pick #4

Matvei Michkov
Pick #5

David Reinbacher
Pick #6

William Smith
Pick #7

Zachary Benson
Pick #8

Ryan Leonard
Pick #9

Gabriel Perreault
Pick #10

Axel Sandin-Pellika
Pick #11

Daniil But
Pick #12

Dalibor Dvorsky
Pick #13

Quentin Musty
Pick #14

Brayden Yager
Pick #15

Dmitry Simashev
Pick #16

Colby Barlow
Pick #17

Andrew Cristall
Pick #18

Easton Cowan
Pick #19

Jacob Fowler
Pick #20

Oliver Moore
Pick #21

Oliver Bonk
Pick #22

Tom Willander
Pick #23

Calum Ritchie
Pick #24

Tanner Molendyk
Pick #25

Gavin Brindley
Pick #26

Nate Danielson
Pick #27

Pick #28

Pick #29

Pick #30

Pick #31

Pick #32

Pick #33

Pick #34

Pick #35

Pick #36

Pick #37

Pick #38

Pick #39

Pick #40

Pick #41

Pick #42

Pick #43

Pick #44

Pick #45

Pick #46

Pick #47

Pick #48

Pick #49

Pick #50

Pick #51

Pick #52

Pick #53

Pick #54

Pick #55

Pick #56

Pick #57

Pick #58

Pick #59

Pick #60

Pick #61

Pick #62

Pick #63

Pick #64

Pick #65

Pick #66

Pick #67

Pick #68

Pick #69

Pick #70

Pick #71

Pick #72

Pick #73

Pick #74

Pick #75

Pick #76

Pick #77

Pick #78

Pick #79

Pick #80

Pick #81

Pick #82

Pick #83

Pick #84

Pick #85

Pick #86

Pick #87

Pick #88

Pick #89

Pick #90

Pick #91

Pick #92

Pick #93

Pick #94

Pick #95

Pick #96

Pick #97

Pick #98

Pick #99

Pick #100

Pick #101

Pick #102

Pick #103

Pick #104

Pick #105

Pick #106

Pick #107

Pick #108

Pick #109

Pick #110

Pick #111

Pick #112

Pick #113

Pick #114

Pick #115

Pick #116

Pick #117

Pick #118

Pick #119

Pick #120

Pick #121

Pick #122

Pick #123

Pick #124

Pick #125

Pick #126

Pick #127

Pick #128

Pick #129

Pick #130

Full Scoreboard »»

Oilers vs Jets

Created - November 7, 2023 at 22:43

Goals
1 2 3 T
Oilers 2 1 0 3
Jets 0 0 1 1
Shots
1 2 3 T
Oilers 7 7 7 21
Jets 5 12 6 23

GoalsPenalties
1st period
1. Oilers , Ryan Johansen 6 (Mattias Samuelsson 2, Dylan Strome 6) at 5:06
2. Oilers , Ryan Johansen 7 (Brandon Hagel 6, Jamie Drysdale 6) at 13:39
No Penalty
2nd period
3. Oilers , Cole Perfetti 1 (Sam Bennett 6, Mattias Samuelsson 3) at 7:55
Scott Mayfield (EDM) for Holding (Minor) at 3:29
Scott Mayfield (EDM) for Interference (Minor) at 8:35
3rd period
4. Jets , Victor Olofsson 4 (Torey Krug 4, Oliver Bjorkstrand 3) at 7:41 (PP)
Cole Perfetti (EDM) for Tripping (Minor) at 7:19
Paul Stastny (EDM) for Hooking (Minor) at 10:44
Ryan Pulock (EDM) for Tripping (Minor) at 12:51
Goalie Stats
Jack Campbell (EDM), 22 saves from 23 shots - (0.957), W, 4-4-0, 60:00 minutes
Tristan Jarry (WPG), 18 saves from 21 shots - (0.857), L, 4-6-2, 60:00 minutes
3 StarsOfficial
1 - Ryan Johansen (EDM)
2 - Mattias Samuelsson (EDM)
3 - Jamie Drysdale (EDM)
Referees : Ryan Hersey and Michael Markovic
Linesman : Matt Brady and Ryan Galloway
Game Note
No Game Note
Finance
Level 1 -- Attendance: 4478 (74.63%) -- Ticket Income $604,530
Level 2 -- Attendance: 2694 (53.88%) -- Ticket Income $336,750
Level 3 -- Attendance: 1586 (72.09%) -- Ticket Income $190,320
Level 4 -- Attendance: 890 (87.60%) -- Ticket Income $102,350
Luxury Box -- Attendance: 504 (63.00%) -- Ticket Income $176,400
Game was played at the Canada Life Center.
Total Attendance: 10152 (67.61%)
Total Ticket Income: $1,410,350
Other Income: $352,588
Total Income: $1,762,938



Team Name Goals Shots Shots Attemp Shots Blocked PIM HIT PP PK FO%
Oilers 321441110210 / 0 (0.00%155%
Jets 1235670221 / 5 (20%)045%

Oilers
Player Name POS G A P +/- PIM HIT SHT SB MP PP MP PP SHT PK MP PK SHT FO% FOT
Adam LowryC0000002217:410:0005:30030% 23
Alexander BarabanovLW000000008:040:0000:1000% 0
Brandon HagelLW0112024016:020:0000:0000% 0
Brock BoeserRW0001012015:350:0000:0000% 0
Cole PerfettiC1011202015:340:0000:0000% 0
Dylan StromeC0112001016:540:0000:52067% 3
Jakob SilfverbergRW0000010110:320:0002:38050% 2
Jamie DrysdaleD0111040118:540:0000:0000% 0
Josh BaileyRW0000001012:110:0000:00050% 2
Mattias SamuelssonD0222021122:270:0004:3500% 0
Nikita ZaitsevD0002011020:280:0002:3600% 0
Ondrej PalatLW0000010117:410:0005:30067% 3
Paul StastnyC000020109:490:0001:56057% 14
Ryan JohansenC2022033016:020:0000:00071% 14
Ryan PulockD0001210022:330:0002:5400% 0
Sam BennettC0111033015:350:0000:00067% 21
Scott MayfieldD0000420217:140:0002:2000% 0
Troy StecherD0000000318:210:0004:1100% 0
Jets
Player Name POS G A P +/- PIM HIT SHT SB MP PP MP PP SHT PK MP PK SHT FO% FOT
Andre BurakovskyLW000-1011021:344:2610:00040% 5
Andreas AthanasiouC000-2002118:173:5210:00050% 24
Colin MillerD000-2011014:220:0000:0000% 0
Connor MurphyD000-1001017:100:0000:0000% 0
Dmitry OrlovD0000040024:124:0200:0000% 0
Garnet HathawayRW000002108:230:0000:0000% 0
Gustav NyquistC000-2011014:250:0000:0000% 1
Hampus LindholmD0000012024:264:1610:0000% 0
Joe VelenoC000000008:230:0000:000100% 1
Mark JankowskiC0000041011:460:0000:00059% 17
Nate SchmidtD000-2021018:244:0200:0000% 0
Nick SchmaltzC000-1002021:344:2610:00033% 24
Oliver BjorkstrandRW011-2012018:173:5220:000100% 2
Oskar SundqvistC0000000011:460:0000:0000% 1
Reilly SmithRW000-1041021:344:2600:0000% 0
Thomas NovakC000000008:230:0000:00029% 7
Torey KrugD011-1003621:264:1630:0000% 0
Victor OlofssonLW1010014015:383:5220:0000% 0



Play-by-Play

1st period


0:01 of 1st period - Nick Schmaltz wins face-off versus Sam Bennett in neutral zone.
0:01 of 1st period - Nick Schmaltz is hit by Sam Bennett.
0:05 of 1st period - Shot by Reilly Smith.
0:05 of 1st period - Shot Misses the Net.
0:11 of 1st period - Reilly Smith is hit by Sam Bennett and loses puck.
0:30 of 1st period - Shot by Sam Bennett.
0:30 of 1st period - Stopped by Tristan Jarry without a rebound.
0:31 of 1st period - Ryan Johansen wins face-off versus Andreas Athanasiou in Jets zone.
0:34 of 1st period - Shot by Dylan Strome.
0:34 of 1st period - Stopped by Tristan Jarry without a rebound.
0:35 of 1st period - Mark Jankowski wins face-off versus Adam Lowry in Jets zone.
0:51 of 1st period - Scott Mayfield is hit by Mark Jankowski and loses puck.
0:59 of 1st period - Icing by Adam Lowry.
1:00 of 1st period - Josh Bailey wins face-off versus Andreas Athanasiou in Oilers zone.
2:56 of 1st period - Jakob Silfverberg is hit by Dmitry Orlov and loses puck.
3:01 of 1st period - Shot by Paul Stastny.
3:01 of 1st period - Stopped by Tristan Jarry with a rebound.
3:03 of 1st period - Shot by Ryan Pulock.
3:03 of 1st period - Shot Hit the Post.
3:30 of 1st period - Hampus Lindholm is hit by Sam Bennett.
3:48 of 1st period - Shot by Sam Bennett.
3:48 of 1st period - Shot Misses the Net.
4:36 of 1st period - Shot by Dylan Strome.
4:36 of 1st period - Shot Misses the Net.
5:04 of 1st period - Shot by Ryan Johansen.
5:04 of 1st period - Shot Misses the Net.
5:06 of 1st period - Shot by Ryan Johansen.
5:06 of 1st period - Goal by Ryan Johansen - Oilers : 1 - Jets : 0.
5:07 of 1st period - Mark Jankowski wins face-off versus Josh Bailey in neutral zone.
5:10 of 1st period - Jamie Drysdale is hit by Mark Jankowski and loses puck.
5:20 of 1st period - Off-side.
5:21 of 1st period - Joe Veleno wins face-off versus Paul Stastny in neutral zone.
5:42 of 1st period - Shot by Thomas Novak.
5:42 of 1st period - Shot Misses the Net.
5:44 of 1st period - Shot by Garnet Hathaway.
5:44 of 1st period - Shot Misses the Net.
5:46 of 1st period - Shot by Garnet Hathaway.
5:46 of 1st period - Stopped by Jack Campbell without a rebound.
5:47 of 1st period - Mark Jankowski wins face-off versus Adam Lowry in Oilers zone.
5:55 of 1st period - Icing by Dmitry Orlov.
5:56 of 1st period - Mark Jankowski wins face-off versus Sam Bennett in Jets zone.
6:11 of 1st period - Shot by Victor Olofsson.
6:11 of 1st period - Stopped by Jack Campbell without a rebound.
6:12 of 1st period - Andreas Athanasiou wins face-off versus Ryan Johansen in Oilers zone.
6:16 of 1st period - Andreas Athanasiou is hit by Ryan Pulock and loses puck.
6:23 of 1st period - Shot by Gustav Nyquist.
6:23 of 1st period - Stopped by Jack Campbell without a rebound.
6:24 of 1st period - Mark Jankowski wins face-off versus Adam Lowry in Oilers zone.
7:41 of 1st period - Reilly Smith is hit by Jamie Drysdale and loses puck.
8:19 of 1st period - Shot by Brandon Hagel.
8:19 of 1st period - Shot Misses the Net.
8:37 of 1st period - Shot by Ryan Johansen.
8:37 of 1st period - Stopped by Tristan Jarry without a rebound.
8:38 of 1st period - Paul Stastny wins face-off versus Andreas Athanasiou in Jets zone.
9:07 of 1st period - Mattias Samuelsson is hit by Dmitry Orlov and loses puck.
9:11 of 1st period - Jakob Silfverberg is hit by Dmitry Orlov and loses puck.
11:09 of 1st period - Icing by Victor Olofsson.
11:10 of 1st period - Ondrej Palat wins face-off versus Mark Jankowski in Jets zone.
12:33 of 1st period - Icing by Nikita Zaitsev.
12:34 of 1st period - Thomas Novak wins face-off versus Adam Lowry in Oilers zone.
12:53 of 1st period - Off-side.
12:54 of 1st period - Ryan Johansen wins face-off versus Andreas Athanasiou in neutral zone.
13:31 of 1st period - Shot by Brandon Hagel.
13:31 of 1st period - Shot Misses the Net.
13:35 of 1st period - Shot by Brandon Hagel.
13:35 of 1st period - Shot Blocked by Torey Krug.
13:37 of 1st period - Shot by Brandon Hagel.
13:37 of 1st period - Shot Blocked by Torey Krug.
13:39 of 1st period - Shot by Ryan Johansen.
13:39 of 1st period - Goal by Ryan Johansen - Oilers : 2 - Jets : 0.
13:40 of 1st period - Sam Bennett wins face-off versus Nick Schmaltz in neutral zone.
13:46 of 1st period - Icing by Nick Schmaltz.
13:47 of 1st period - Sam Bennett wins face-off versus Nick Schmaltz in Jets zone.
13:58 of 1st period - Shot by Nick Schmaltz.
13:58 of 1st period - Stopped by Jack Campbell without a rebound.
13:59 of 1st period - Mark Jankowski wins face-off versus Jakob Silfverberg in Oilers zone.
14:03 of 1st period - Icing by Troy Stecher.
14:04 of 1st period - Paul Stastny wins face-off versus Nick Schmaltz in Oilers zone.
14:31 of 1st period - Shot by Reilly Smith.
14:31 of 1st period - Shot Misses the Net.
14:39 of 1st period - Scott Mayfield is hit by Reilly Smith and loses puck.
14:47 of 1st period - Off-side.
14:48 of 1st period - Sam Bennett wins face-off versus Mark Jankowski in neutral zone.
15:13 of 1st period - Shot by Victor Olofsson.
15:13 of 1st period - Shot Misses the Net.
15:15 of 1st period - Shot by Victor Olofsson.
15:15 of 1st period - Shot Blocked by Jamie Drysdale.
15:57 of 1st period - Shot by Andreas Athanasiou.
15:57 of 1st period - Shot Misses the Net.
16:41 of 1st period - Shot by Brandon Hagel.
16:41 of 1st period - Shot Blocked by Andreas Athanasiou.
16:49 of 1st period - Shot by Dylan Strome.
16:49 of 1st period - Deflect By Ryan Johansen.
16:49 of 1st period - Shot Blocked by Torey Krug.
16:51 of 1st period - Shot by Mattias Samuelsson.
16:51 of 1st period - Stopped by Tristan Jarry without a rebound.
16:52 of 1st period - Nick Schmaltz wins face-off versus Adam Lowry in Jets zone.
17:04 of 1st period - Shot by Adam Lowry.
17:04 of 1st period - Shot Misses the Net.
18:03 of 1st period - Icing by Mattias Samuelsson.
18:04 of 1st period - Paul Stastny wins face-off versus Thomas Novak in Oilers zone.
18:24 of 1st period - Nikita Zaitsev is hit by Garnet Hathaway and loses puck.
18:58 of 1st period - Off-side.
18:59 of 1st period - Sam Bennett wins face-off versus Mark Jankowski in neutral zone.
19:19 of 1st period - Victor Olofsson is hit by Scott Mayfield and loses puck.
19:38 of 1st period - Shot by Victor Olofsson.
19:38 of 1st period - Shot Misses the Net.
19:40 of 1st period - Shot by Mark Jankowski.
19:40 of 1st period - Stopped by Jack Campbell without a rebound.
19:41 of 1st period - Ryan Johansen wins face-off versus Andre Burakovsky in Oilers zone.
19:53 of 1st period - Icing by Andre Burakovsky.
19:54 of 1st period - Nick Schmaltz wins face-off versus Adam Lowry in Jets zone.
Goals for this period are 2 for Oilers vs 0 for Jets.
Shots for this period are 7 for Oilers vs 5 for Jets.

2nd period


0:01 of 2nd period - Ryan Johansen wins face-off versus Nick Schmaltz in neutral zone.
0:33 of 2nd period - Andre Burakovsky is hit by Jamie Drysdale and loses puck.
0:44 of 2nd period - Icing by Ryan Pulock.
0:45 of 2nd period - Ryan Johansen wins face-off versus Andreas Athanasiou in Oilers zone.
1:13 of 2nd period - Icing by Colin Miller.
1:14 of 2nd period - Sam Bennett wins face-off versus Andreas Athanasiou in Jets zone.
1:23 of 2nd period - Icing by Mattias Samuelsson.
1:24 of 2nd period - Sam Bennett wins face-off versus Thomas Novak in Oilers zone.
1:28 of 2nd period - Brock Boeser is hit by Dmitry Orlov and loses puck.
1:34 of 2nd period - Joe Veleno is hit by Mattias Samuelsson and loses puck.
1:50 of 2nd period - Dmitry Orlov is hit by Nikita Zaitsev and loses puck.
2:33 of 2nd period - Icing by Josh Bailey.
2:34 of 2nd period - Nick Schmaltz wins face-off versus Adam Lowry in Oilers zone.
2:51 of 2nd period - Shot by Reilly Smith.
2:51 of 2nd period - Shot Blocked by Scott Mayfield.
2:53 of 2nd period - Shot by Reilly Smith.
2:53 of 2nd period - Stopped by Jack Campbell with a rebound.
2:55 of 2nd period - Shot by Reilly Smith.
2:55 of 2nd period - Shot Misses the Net.
2:57 of 2nd period - Shot by Andre Burakovsky.
2:57 of 2nd period - Shot Blocked by Scott Mayfield.
3:01 of 2nd period - Shot by Nick Schmaltz.
3:01 of 2nd period - Shot Blocked by Troy Stecher.
3:04 of 2nd period - Andre Burakovsky is hit by Scott Mayfield.
3:29 of 2nd period - Minor Penalty to Scott Mayfield for Holding.
3:30 of 2nd period - Andreas Athanasiou wins face-off versus Paul Stastny in Oilers zone.
3:41 of 2nd period - Shot by Oliver Bjorkstrand.
3:41 of 2nd period - Stopped by Jack Campbell without a rebound.
3:42 of 2nd period - Andreas Athanasiou wins face-off versus Adam Lowry in Oilers zone.
4:57 of 2nd period - Shot by Dmitry Orlov.
4:57 of 2nd period - Deflect By Nick Schmaltz.
4:57 of 2nd period - Shot Misses the Net.
4:59 of 2nd period - Shot by Andre Burakovsky.
4:59 of 2nd period - Stopped by Jack Campbell without a rebound.
5:00 of 2nd period - Nick Schmaltz wins face-off versus Adam Lowry in Oilers zone.
5:47 of 2nd period - Icing by Brandon Hagel.
5:48 of 2nd period - Mark Jankowski wins face-off versus Ryan Johansen in Oilers zone.
5:52 of 2nd period - Icing by Ryan Pulock.
5:53 of 2nd period - Andreas Athanasiou wins face-off versus Ryan Johansen in Oilers zone.
6:01 of 2nd period - Icing by Colin Miller.
6:02 of 2nd period - Oliver Bjorkstrand wins face-off versus Sam Bennett in Jets zone.
6:13 of 2nd period - Shot by Andreas Athanasiou.
6:13 of 2nd period - Stopped by Jack Campbell without a rebound.
6:14 of 2nd period - Ryan Johansen wins face-off versus Nick Schmaltz in Oilers zone.
6:30 of 2nd period - Nick Schmaltz is hit by Jamie Drysdale and loses puck.
7:24 of 2nd period - Icing by Jamie Drysdale.
7:25 of 2nd period - Ryan Johansen wins face-off versus Andreas Athanasiou in Oilers zone.
7:25 of 2nd period - Ryan Johansen is hit by Oliver Bjorkstrand.
7:55 of 2nd period - Shot by Cole Perfetti.
7:55 of 2nd period - Goal by Cole Perfetti - Oilers : 3 - Jets : 0.
7:56 of 2nd period - Paul Stastny wins face-off versus Mark Jankowski in neutral zone.
8:03 of 2nd period - Shot by Alexander Barabanov.
8:03 of 2nd period - Shot Misses the Net.
8:35 of 2nd period - Minor Penalty to Scott Mayfield for Interference.
8:36 of 2nd period - Adam Lowry wins face-off versus Nick Schmaltz in Oilers zone.
9:32 of 2nd period - Icing by Oliver Bjorkstrand.
9:33 of 2nd period - Andreas Athanasiou wins face-off versus Paul Stastny in Jets zone.
9:35 of 2nd period - Icing by Oliver Bjorkstrand.
9:36 of 2nd period - Andreas Athanasiou wins face-off versus Adam Lowry in Jets zone.
9:44 of 2nd period - Shot by Torey Krug.
9:44 of 2nd period - Stopped by Jack Campbell with a rebound.
9:48 of 2nd period - Shot by Oliver Bjorkstrand.
9:48 of 2nd period - Shot Blocked by Mattias Samuelsson.
9:50 of 2nd period - Shot by Andreas Athanasiou.
9:50 of 2nd period - Stopped by Jack Campbell without a rebound.
9:51 of 2nd period - Andreas Athanasiou wins face-off versus Paul Stastny in Oilers zone.
10:06 of 2nd period - Shot by Torey Krug.
10:06 of 2nd period - Stopped by Jack Campbell without a rebound.
10:07 of 2nd period - Nick Schmaltz wins face-off versus Adam Lowry in Oilers zone.
10:18 of 2nd period - Shot by Dmitry Orlov.
10:18 of 2nd period - Deflect By Nick Schmaltz.
10:18 of 2nd period - Stopped by Jack Campbell without a rebound.
10:19 of 2nd period - Andreas Athanasiou wins face-off versus Adam Lowry in Oilers zone.
10:24 of 2nd period - Shot by Victor Olofsson.
10:24 of 2nd period - Stopped by Jack Campbell without a rebound.
10:25 of 2nd period - Andre Burakovsky wins face-off versus Adam Lowry in Oilers zone.
11:09 of 2nd period - Icing by Scott Mayfield.
11:10 of 2nd period - Sam Bennett wins face-off versus Nick Schmaltz in Oilers zone.
12:03 of 2nd period - Icing by Dmitry Orlov.
12:04 of 2nd period - Ryan Johansen wins face-off versus Nick Schmaltz in Jets zone.
12:11 of 2nd period - Shot by Brandon Hagel.
12:11 of 2nd period - Stopped by Tristan Jarry with a rebound.
12:21 of 2nd period - Shot by Brandon Hagel.
12:21 of 2nd period - Shot Misses the Net.
12:45 of 2nd period - Shot by Brandon Hagel.
12:45 of 2nd period - Stopped by Tristan Jarry without a rebound.
12:46 of 2nd period - Andreas Athanasiou wins face-off versus Sam Bennett in Jets zone.
12:46 of 2nd period - Gustav Nyquist is hit by Brock Boeser and loses puck.
12:55 of 2nd period - Shot by Nikita Zaitsev.
12:55 of 2nd period - Stopped by Tristan Jarry without a rebound.
12:56 of 2nd period - Mark Jankowski wins face-off versus Adam Lowry in Jets zone.
13:32 of 2nd period - Shot by Mark Jankowski.
13:32 of 2nd period - Shot Blocked by Ondrej Palat.
14:21 of 2nd period - Jamie Drysdale is hit by Colin Miller and loses puck.
14:40 of 2nd period - Shot by Sam Bennett.
14:40 of 2nd period - Deflect By Brock Boeser.
14:40 of 2nd period - Stopped by Tristan Jarry with a rebound.
15:42 of 2nd period - Shot by Brandon Hagel.
15:42 of 2nd period - Stopped by Tristan Jarry without a rebound.
15:43 of 2nd period - Thomas Novak wins face-off versus Paul Stastny in Jets zone.
15:54 of 2nd period - Shot by Connor Murphy.
15:54 of 2nd period - Stopped by Jack Campbell without a rebound.
15:55 of 2nd period - Mark Jankowski wins face-off versus Ryan Johansen in Oilers zone.
16:06 of 2nd period - Shot by Victor Olofsson.
16:06 of 2nd period - Stopped by Jack Campbell without a rebound.
16:07 of 2nd period - Andreas Athanasiou wins face-off versus Paul Stastny in Oilers zone.
16:15 of 2nd period - Shot by Andreas Athanasiou.
16:15 of 2nd period - Shot Misses the Net.
16:17 of 2nd period - Shot by Colin Miller.
16:17 of 2nd period - Stopped by Jack Campbell without a rebound.
16:18 of 2nd period - Ryan Johansen wins face-off versus Nick Schmaltz in Oilers zone.
16:27 of 2nd period - Shot by Brandon Hagel.
16:27 of 2nd period - Stopped by Tristan Jarry without a rebound.
16:28 of 2nd period - Paul Stastny wins face-off versus Thomas Novak in Jets zone.
16:47 of 2nd period - Dmitry Orlov is hit by Jakob Silfverberg and loses puck.
17:02 of 2nd period - Shot by Thomas Novak.
17:02 of 2nd period - Shot Blocked by Jakob Silfverberg.
17:11 of 2nd period - Icing by Troy Stecher.
17:12 of 2nd period - Jakob Silfverberg wins face-off versus Nick Schmaltz in Oilers zone.
17:12 of 2nd period - Jakob Silfverberg is hit by Reilly Smith.
17:33 of 2nd period - Icing by Connor Murphy.
17:34 of 2nd period - Ryan Johansen wins face-off versus Andre Burakovsky in Jets zone.
18:35 of 2nd period - Shot by Brock Boeser.
18:35 of 2nd period - Shot Misses the Net.
19:29 of 2nd period - Shot by Ondrej Palat.
19:29 of 2nd period - Shot Misses the Net.
19:46 of 2nd period - Off-side.
19:47 of 2nd period - Paul Stastny wins face-off versus Mark Jankowski in neutral zone.
Goals for this period are 1 for Oilers vs 0 for Jets.
Shots for this period are 7 for Oilers vs 12 for Jets.

3rd period


0:01 of 3rd period - Mark Jankowski wins face-off versus Sam Bennett in neutral zone.
2:30 of 3rd period - Shot by Adam Lowry.
2:30 of 3rd period - Stopped by Tristan Jarry without a rebound.
2:31 of 3rd period - Adam Lowry wins face-off versus Thomas Novak in Jets zone.
2:31 of 3rd period - Josh Bailey is hit by Hampus Lindholm and loses puck.
2:53 of 3rd period - Shot by Josh Bailey.
2:53 of 3rd period - Shot Misses the Net.
2:57 of 3rd period - Shot by Josh Bailey.
2:57 of 3rd period - Stopped by Tristan Jarry without a rebound.
2:58 of 3rd period - Paul Stastny wins face-off versus Mark Jankowski in Jets zone.
2:59 of 3rd period - Shot by Alexander Barabanov.
2:59 of 3rd period - Shot Misses the Net.
3:13 of 3rd period - Scott Mayfield is hit by Mark Jankowski.
3:53 of 3rd period - Icing by Nikita Zaitsev.
3:54 of 3rd period - Adam Lowry wins face-off versus Andre Burakovsky in Oilers zone.
3:54 of 3rd period - Ondrej Palat is hit by Reilly Smith and loses puck.
4:19 of 3rd period - Shot by Nick Schmaltz.
4:19 of 3rd period - Shot Misses the Net.
4:21 of 3rd period - Shot by Nick Schmaltz.
4:21 of 3rd period - Shot Blocked by Adam Lowry.
4:23 of 3rd period - Shot by Reilly Smith.
4:23 of 3rd period - Shot Blocked by Adam Lowry.
4:31 of 3rd period - Shot by Andre Burakovsky.
4:31 of 3rd period - Shot Misses the Net.
4:33 of 3rd period - Shot by Reilly Smith.
4:33 of 3rd period - Shot Misses the Net.
4:35 of 3rd period - Shot by Hampus Lindholm.
4:35 of 3rd period - Stopped by Jack Campbell with a rebound.
4:37 of 3rd period - Shot by Dmitry Orlov.
4:37 of 3rd period - Shot Misses the Net.
4:53 of 3rd period - Torey Krug is hit by Ondrej Palat and loses puck.
5:29 of 3rd period - Gustav Nyquist is hit by Ryan Johansen and loses puck.
5:36 of 3rd period - Torey Krug is hit by Ryan Johansen and loses puck.
6:29 of 3rd period - Jamie Drysdale is hit by Garnet Hathaway.
6:30 of 3rd period - Icing by Jamie Drysdale.
6:31 of 3rd period - Dylan Strome wins face-off versus Nick Schmaltz in Oilers zone.
6:50 of 3rd period - Nick Schmaltz is hit by Brandon Hagel and loses puck.
6:58 of 3rd period - Icing by Hampus Lindholm.
6:59 of 3rd period - Sam Bennett wins face-off versus Nick Schmaltz in Jets zone.
7:16 of 3rd period - Shot by Brock Boeser.
7:16 of 3rd period - Shot Misses the Net.
7:19 of 3rd period - Minor Penalty to Cole Perfetti for Tripping.
7:20 of 3rd period - Adam Lowry wins face-off versus Andreas Athanasiou in Oilers zone.
7:41 of 3rd period - Shot by Victor Olofsson.
7:41 of 3rd period - Goal by Victor Olofsson - Oilers : 3 - Jets : 1.
7:42 of 3rd period - Sam Bennett wins face-off versus Thomas Novak in neutral zone.
7:53 of 3rd period - Shot by Joe Veleno.
7:53 of 3rd period - Shot Misses the Net.
8:05 of 3rd period - Shot by Thomas Novak.
8:05 of 3rd period - Shot Misses the Net.
8:07 of 3rd period - Shot by Thomas Novak.
8:07 of 3rd period - Shot Misses the Net.
8:09 of 3rd period - Shot by Nate Schmidt.
8:09 of 3rd period - Stopped by Jack Campbell without a rebound.
8:10 of 3rd period - Adam Lowry wins face-off versus Nick Schmaltz in Oilers zone.
8:17 of 3rd period - Shot by Adam Lowry.
8:17 of 3rd period - Shot Misses the Net.
8:27 of 3rd period - Shot by Josh Bailey.
8:27 of 3rd period - Shot Blocked by Torey Krug.
8:29 of 3rd period - Shot by Josh Bailey.
8:29 of 3rd period - Shot Blocked by Torey Krug.
8:49 of 3rd period - Shot by Josh Bailey.
8:49 of 3rd period - Shot Blocked by Torey Krug.
8:51 of 3rd period - Shot by Adam Lowry.
8:51 of 3rd period - Stopped by Tristan Jarry without a rebound.
8:52 of 3rd period - Sam Bennett wins face-off versus Andreas Athanasiou in Jets zone.
8:57 of 3rd period - Shot by Brock Boeser.
8:57 of 3rd period - Deflect By Sam Bennett.
8:57 of 3rd period - Stopped by Tristan Jarry without a rebound.
8:58 of 3rd period - Sam Bennett wins face-off versus Gustav Nyquist in Jets zone.
9:05 of 3rd period - Shot by Brock Boeser.
9:05 of 3rd period - Stopped by Tristan Jarry without a rebound.
9:06 of 3rd period - Sam Bennett wins face-off versus Andreas Athanasiou in Jets zone.
9:07 of 3rd period - Shot by Cole Perfetti.
9:07 of 3rd period - Stopped by Tristan Jarry without a rebound.
9:08 of 3rd period - Sam Bennett wins face-off versus Oskar Sundqvist in Jets zone.
9:09 of 3rd period - Shot by Brock Boeser.
9:09 of 3rd period - Deflect By Sam Bennett.
9:09 of 3rd period - Stopped by Tristan Jarry without a rebound.
9:10 of 3rd period - Sam Bennett wins face-off versus Andreas Athanasiou in Jets zone.
9:14 of 3rd period - Icing by Gustav Nyquist.
9:15 of 3rd period - Oliver Bjorkstrand wins face-off versus Sam Bennett in Jets zone.
9:29 of 3rd period - Gustav Nyquist is hit by Mattias Samuelsson and loses puck.
10:21 of 3rd period - Torey Krug is hit by Brandon Hagel and loses puck.
10:37 of 3rd period - Icing by Torey Krug.
10:38 of 3rd period - Paul Stastny wins face-off versus Mark Jankowski in Jets zone.
10:44 of 3rd period - Minor Penalty to Paul Stastny for Hooking.
10:45 of 3rd period - Ondrej Palat wins face-off versus Nick Schmaltz in Oilers zone.
10:45 of 3rd period - Adam Lowry is hit by Andre Burakovsky and loses puck.
11:00 of 3rd period - Shot by Dmitry Orlov.
11:00 of 3rd period - Shot Blocked by Troy Stecher.
11:46 of 3rd period - Shot by Torey Krug.
11:46 of 3rd period - Stopped by Jack Campbell without a rebound.
11:47 of 3rd period - Andreas Athanasiou wins face-off versus Dylan Strome in Oilers zone.
12:13 of 3rd period - Shot by Hampus Lindholm.
12:13 of 3rd period - Stopped by Jack Campbell without a rebound.
12:14 of 3rd period - Dylan Strome wins face-off versus Nick Schmaltz in Oilers zone.
12:14 of 3rd period - Dylan Strome is hit by Reilly Smith.
12:28 of 3rd period - Shot by Reilly Smith.
12:28 of 3rd period - Shot Misses the Net.
12:42 of 3rd period - Shot by Nick Schmaltz.
12:42 of 3rd period - Shot Misses the Net.
12:44 of 3rd period - Shot by Nick Schmaltz.
12:44 of 3rd period - Shot Misses the Net.
12:51 of 3rd period - Minor Penalty to Ryan Pulock for Tripping.
12:52 of 3rd period - Adam Lowry wins face-off versus Andreas Athanasiou in Oilers zone.
13:10 of 3rd period - Shot by Oliver Bjorkstrand.
13:10 of 3rd period - Stopped by Jack Campbell without a rebound.
13:11 of 3rd period - Nick Schmaltz wins face-off versus Adam Lowry in Oilers zone.
13:41 of 3rd period - Icing by Nick Schmaltz.
13:42 of 3rd period - Nick Schmaltz wins face-off versus Ondrej Palat in Jets zone.
14:41 of 3rd period - Off-side.
14:42 of 3rd period - Adam Lowry wins face-off versus Nick Schmaltz in neutral zone.
15:10 of 3rd period - Shot by Garnet Hathaway.
15:10 of 3rd period - Shot Misses the Net.
15:17 of 3rd period - Joe Veleno is hit by Jamie Drysdale and loses puck.
15:48 of 3rd period - Jamie Drysdale is hit by Gustav Nyquist and loses puck.
15:57 of 3rd period - Shot by Oliver Bjorkstrand.
15:57 of 3rd period - Shot Misses the Net.
16:05 of 3rd period - Hampus Lindholm is hit by Ryan Johansen and loses puck.
16:09 of 3rd period - Icing by Gustav Nyquist.
16:10 of 3rd period - Andreas Athanasiou wins face-off versus Adam Lowry in Jets zone.
17:06 of 3rd period - Off-side.
17:07 of 3rd period - Andre Burakovsky wins face-off versus Sam Bennett in neutral zone.
17:14 of 3rd period - Shot by Sam Bennett.
17:14 of 3rd period - Shot Misses the Net.
17:34 of 3rd period - Shot by Reilly Smith.
17:34 of 3rd period - Shot Blocked by Troy Stecher.
18:16 of 3rd period - Jamie Drysdale is hit by Victor Olofsson and loses puck.
18:46 of 3rd period - Jakob Silfverberg is hit by Nate Schmidt and loses puck.
19:11 of 3rd period - Dylan Strome is hit by Mark Jankowski and loses puck.
19:23 of 3rd period - Ryan Johansen is hit by Nate Schmidt.
Goals for this period are 0 for Oilers vs 1 for Jets.
Shots for this period are 7 for Oilers vs 6 for Jets.